 Dungeon Crawl Stone Soup version 0.27-a0-498-g7ecbb0a48f (webtiles) character file.

Game seed: 14859946147819439529

11165 jasper the Destroyer (level 11, 0/74 (83) HPs)
             Began as a Demonspawn Conjurer on Mar 2, 2021.
             Was a High Priest of Vehumet.
             Slain by a troll (7 damage)
             ... led by an orc warlord
             ... while paralysed by Urug
             ... on level 1 of the Orcish Mines.
             The game lasted 00:27:34 (14213 turns).

jasper the Destroyer (Demonspawn Conjurer)         Turns: 14213, Time: 00:27:35

HP:   0/74 (83)     AC: 14    Str:  7    XL:     11   Next: 45%
MP:   9/28          EV:  2    Int: 28    God:    Vehumet [*****.]
Gold: 328           SH:  0    Dex: 13    Spells: 8/24 levels left

rFire    + . .     SeeInvis .   C - +12 flail "Buziha" {vamp, rElec rPois rF+ Stlth+}
rCold    . . .     Faith    .   (no shield)
rNeg     . . .     Spirit   .   v - +3 leather armour {rPois}
rPois    +         Reflect  .   (helmet restricted)
rElec    +         Harm     .   p - +0 cloak
rCorr    .         Rampage  .   x - +1 pair of gloves
Will     .....                  D - +0 pair of boots
Stlth    +++.......             A - amulet of regeneration
HPRegen  1.22/turn              G - +6 ring of intelligence
MPRegen  0.21/turn              T - ring of magical power

@: paralysed, heavily drained
A: beak, talons 1, iridescent scales 2, low mp 1, powered by death 3
a: Renounce Religion


You were on level 1 of the Orcish Mines.
You worshipped Vehumet.
Vehumet was extremely pleased with you.
You visited 3 branches of the dungeon, and saw 13 of its levels.

You collected 1024 gold pieces.
You spent 696 gold pieces at shops.

Inventory:

Hand Weapons
 C - the +12 flail "Buziha" (weapon) {vamp, rElec rPois rF+ Stlth+}
   (You found it on level 6 of the Dungeon)

   It inflicts no extra harm, but heals its wielder when it wounds a living foe.
   It protects you from fire.
   It insulates you from electricity.
   It protects you from poison.
   It makes you more stealthy.
 V - the +7 rapier "Loiliets" {venom, Int+5}
   (You found it on level 9 of the Dungeon)

   It poisons the flesh of those it strikes.
   It affects your intelligence (+5).
Missiles
 b - 373 stones
 c - 52 bolts
 f - 58 poisoned darts
 t - 25 boomerangs
 K - 3 javelins
Armour
 p - a +0 cloak (worn)
 v - a +3 leather armour of poison resistance (worn)
 x - a +1 pair of gloves (worn)
 D - a +0 pair of boots (worn)
 J - a +0 kite shield
 Z - a +0 troll leather armour
Magical Staves
 Y - a staff of conjuration
Jewellery
 A - an amulet of regeneration (around neck)
 G - a +6 ring of intelligence (left hand)
 L - a ring of poison resistance
 T - a ring of magical power (right hand)
 W - a +6 ring of dexterity
Wands
 n - a wand of flame (13)
 q - a wand of digging (13)
 r - a wand of random effects (20)
 U - a wand of mindburst (14)
 X - a wand of acid (8)
Scrolls
 e - 6 scrolls of teleportation
 g - 4 scrolls of enchant armour
 s - 4 scrolls of fog
 u - 3 scrolls of immolation
 y - 2 scrolls of amnesia
 B - a scroll of noise
 H - a scroll of magic mapping
 P - 2 scrolls of fear
 Q - 3 scrolls of teleportation
 R - a scroll of fog
 S - a scroll of immolation
Potions
 a - a potion of magic {unknown}
 h - a potion of degeneration
 i - a potion of resistance
 j - a potion of attraction
 m - 2 potions of invisibility
 z - 5 potions of might
 E - a potion of haste
 F - a potion of heal wounds
 I - 2 potions of curing
 M - a potion of brilliance
 N - a potion of ambrosia
 O - a potion of lignification


   Skills:
 + Level 6.8 Fighting
 - Level 3.0 Armour
 - Level 1.7 Dodging
 - Level 1.7 Stealth
 + Level 7.2 Spellcasting
 - Level 10.0 Conjurations
 - Level 4.0 Hexes
 - Level 4.0 Translocations
 * Level 9.0 Earth Magic


You had 8 spell levels left.
You knew the following spells:

 Your Spells              Type           Power        Failure   Level
a - Magic Dart            Conj           100%         1%          1
b - Searing Ray           Conj           100%         1%          2
c - Fulminant Prism       Conj/Hex       24%          1%          4
d - Iskenderun's Mystic   Conj/Tloc      49%          1%          4
f - Apportation           Tloc           64%          1%          1
g - Animate Skeleton      Necr           20%          8%          1
h - Tukima's Dance        Hex            32%          4%          3

Your spell library contained the following spells:

 Spells                   Type           Power        Failure   Level
 Olgreb's Toxic Radiance  Pois           10%          21%         4
 Corona                   Hex            35%          1%          1
 Sandblast                Erth           100%         1%          1
 Dazzling Flash           Conj/Hex       98%          1%          3
 Confusing Touch          Hex            32%          4%          3
 Gell's Gravitas          Tloc           16%          4%          3
 Ensorcelled Hibernation  Hex/Ice        42%          5%          2
 Summon Small Mammal      Summ           40%          8%          1
 Petrify                  Tmut/Erth      35%          12%         4
 Yara's Violent Unravell  Hex/Tmut       10%          24%         5
 Metabolic Englaciation   Hex/Ice        10%          67%         5


Dungeon Overview and Level Annotations

Branches:
Dungeon (11/15)            Temple (1/1) D:4            Lair (0/6) D:10
    Orc (1/2) D:11

Altars:
Ashenzari
Cheibriados
Dithmenos
Elyvilon
Fedhas
Gozag
Hepliaklqana
Kikubaaqudgha
Makhleb
Nemelex Xobeh
Okawaru
Qazlal
Ru
Sif Muna
Trog
Uskayaw
Vehumet
Wu Jian
Xom
Yredelemnul
Zin
The Shining One

Shops:
D:8 ?   D:10 ?

Annotations:
D:6 1 runed translucent door
D:11 1 runed translucent door, siradein's ghost, journeyman DsBr
Orc:1 Urug


Innate Abilities, Weirdness & Mutations

You have sharp toenails.
You are mostly covered in iridescent scales. (AC +4)
You regenerate a lot of health from kills.
You have a beak for a mouth.
Your magical capacity is low. (-10% MP)


Message History

The orc warrior hits you with a +0 long sword.
You regained 2 hp, and now have 45/74 hp.
You hit the orc warrior. Your peck misses the orc warrior.
The orc warrior is almost dead.
The orc wizard casts a spell at itself.
The orc wizard flickers and vanishes!
Deactivating autopickup; reactivate with Ctrl-A.
Urug drinks a potion.
Urug is healed!
The orc warrior closely misses you. Something hits you.
You take 2 damage, and have 43/74 hp.
You closely miss the orc warrior. Your peck misses the orc warrior.
The orc warrior is severely wounded.
Urug hits you. The orc warrior barely misses you.
Something completely misses you. Urug hits you.
You take 5 damage, and have 38/74 hp.
You closely miss the orc warrior.
The orc warrior is severely wounded.
The troll bites you but does no damage. The troll claws you but does no damage.
The troll claws you. Something hits you but does no damage.
The orc warrior hits you with a +0 long sword.
Urug zaps a wand.
You suddenly lose the ability to move!
The troll bites you.
The troll claws you but does no damage. x2
Something hits you but does no damage. Urug hits you but does no damage.
The orc warrior barely misses you. The troll bites you. The troll claws you.
The troll claws you but does no damage. Something hits you but does no damage.
Urug zaps a wand.
You shrug off the repeated paralysis!
The orc warrior completely misses you. The troll bites you!
* * * LOW HITPOINT WARNING * * *
The troll claws you but does no damage. x2
Something hits you.
* * * LOW HITPOINT WARNING * * *
Urug hits you.
* * * LOW HITPOINT WARNING * * *
The orc warrior hits you with a +0 long sword.
* * * LOW HITPOINT WARNING * * *
The troll bites you.
* * * LOW HITPOINT WARNING * * *
The troll claws you!
You die...

..#...##.......#
........#..#..##
..<.......#...##
...............# .
.....#..#......### ..
.................## .#.
.......>..........# ...
^...............oT## ..
................@#.##.##
#..............#o{..)..#
.....##..#.........##...#
####.#..#.### ...#
##...### ...# ##. ... ##
.. .


You could see Urug (drained), a troll and an orc warrior.

Vanquished Creatures
  A boulder beetle (D:10)
  A two-headed ogre (D:9)
  An oklob plant (D:7)
  4 trolls
  Grinder (D:3)
  3 shadows (D:11)
  A basilisk (D:11)
  Grum (D:10)
  A wraith (D:11)
  A wyvern (D:6)
  3 water moccasins
  4 orc warriors
  5 ice beasts
  4 sky beasts
  A black bear (D:9)
  7 ogres
  11 centaurs
  2 wolves (D:10)
  3 phantoms
  Blork the orc (D:4)
  A kobold brigand (D:7)
  3 bullfrogs
  A wyvern zombie (D:11)
  2 scorpions
  2 troll zombies (D:11)
  13 wights
  7 killer bees
  5 howler monkeys
  2 bullfrog zombies (D:6)
  A centaur zombie (D:8)
  4 hounds
  A quasit (D:11)
  4 jellies
  9 orc priests
  A bullfrog skeleton (D:10)
  2 centaur skeletons
  Ijyb (D:3)
  2 iguanas
  11 orc wizards
  4 worker ants
  A killer bee zombie (D:5)
  6 ogre zombies (D:11)
  A hound zombie (D:7)
  A hound skeleton (D:11)
  2 worker ant zombies (D:11)
  Robin (D:3)
  4 gnolls
  2 howler monkey skeletons
  10 adders
  2 shadow imps
  6 white imps
  3 ufetubi
  3 oozes
  4 adder skeletons
  3 worms
  3 dart slugs
  8 leopard geckos
  59 orcs
  6 giant cockroaches
  13 goblins
  16 hobgoblins
  22 jackals
  7 quokkas
  3 bats
  6 frilled lizards
  3 goblin zombies (D:11)
  A hobgoblin skeleton (D:11)
  17 kobolds
  2 orc skeletons (D:11)
  19 orc zombies (D:11)
  8 rats
374 creatures vanquished.

Vanquished Creatures (collateral kills)
  A two-headed ogre (D:10)
  An ogre (D:11)
2 creatures vanquished.

Vanquished Creatures (others)
  A dancing weapon (Orc:1)
  21 fulminant prisms
  12 plants
34 creatures vanquished.

Grand Total: 410 creatures vanquished

Notes
Turn   | Place    | Note
-------+----------+-------------------------------------------
     0 | D:1      | jasper the Demonspawn Conjurer began the quest for the Orb.
     0 | D:1      | Reached XP level 1. HP: 13/13 MP: 3/3
   213 | D:1      | Gained mutation: You are partially covered in iridescent
                  | scales. (AC +2) [demonic ancestry]
   213 | D:1      | Reached XP level 2. HP: 19/19 MP: 1/5
   513 | D:1      | Reached skill level 5 in Conjurations
   515 | D:1      | Reached XP level 3. HP: 24/24 MP: 0/6
   518 | D:1      | Learned a level 2 spell: Searing Ray
  1390 | D:3      | Reached XP level 4. HP: 30/30 MP: 2/7
  1395 | D:3      | Learned a level 4 spell: Fulminant Prism
  1439 | D:3      | Found an opulent altar of Gozag.
  1606 | D:3      | Reached skill level 6 in Conjurations
  1870 | D:4      | Reached XP level 5. HP: 35/35 MP: 2/8
  2083 | D:4      | Noticed an ogre
  2097 | D:4      | Killed an ogre
  2098 | D:4      | Reached skill level 7 in Conjurations
  2098 | D:4      | Gained mutation: You regenerate a little health from kills.
                  | [demonic ancestry]
  2098 | D:4      | Reached XP level 6. HP: 41/41 MP: 3/9
  2197 | D:4      | Found a shadowy altar of Dithmenos.
  2360 | D:4      | Reached skill level 8 in Conjurations
  2450 | D:4      | Noticed Blork the orc
  2470 | D:4      | Killed Blork the orc
  2471 | D:4      | Gained mutation: You regenerate health from kills. [demonic
                  | ancestry]
  2471 | D:4      | Reached XP level 7. HP: 6/46 MP: 0/10
  3518 | D:4      | Found a staircase to the Ecumenical Temple.
  3528 | Temple   | Entered the Ecumenical Temple
  3617 | Temple   | Became a worshipper of Vehumet
  3677 | D:3      | Noticed Robin
  3680 | D:3      | Killed Robin
  3838 | D:3      | Reached skill level 9 in Conjurations
  4167 | D:3      | Noticed Grinder
  4173 | D:3      | Killed Grinder
  4174 | D:3      | Reached skill level 10 in Conjurations
  4260 | D:3      | Found a sacrificial altar of Ru.
  4377 | D:3      | Noticed Ijyb
  4384 | D:3      | Killed Ijyb
  4385 | D:3      | Reached XP level 8. HP: 52/52 MP: 4/11
  4542 | D:3      | Found a hazy altar of Hepliaklqana.
  4775 | D:2      | Reached skill level 1 in Hexes
  5307 | D:2      | Reached * piety under Vehumet
  5307 | D:2      | Offered knowledge of Foxfire by Vehumet.
  6098 | D:5      | Entered Level 5 of the Dungeon
  6286 | D:5      | Learned a level 4 spell: Iskenderun's Mystic Blast
  6466 | D:5      | Found an iron altar of Okawaru.
  6834 | D:5      | Reached skill level 1 in Translocations
  7159 | D:5      | Offered knowledge of Sandblast by Vehumet.
  7162 | D:5      | Learned a level 1 spell: Sandblast
  7318 | D:6      | Reached ** piety under Vehumet
  7885 | D:6      | Reached skill level 1 in Earth Magic
  7979 | D:6      | Identified the +12 flail "Buziha" {vamp, rElec rPois rF+
                  | Stlth+}
  8020 | D:6      | Reached skill level 1 in Fighting
  8020 | D:6      | Reached skill level 1 in Armour
  8020 | D:6      | Reached XP level 9. HP: 49/59 MP: 8/14
  8235 | D:6      | Found a runed translucent door.
  8531 | D:7      | Found a white marble altar of Elyvilon.
  8531 | D:7      | Noticed an oklob plant
  8616 | D:6      | Offered knowledge of Frozen Ramparts by Vehumet.
  8815 | D:7      | Learned a level 1 spell: Apportation
  8817 | D:7      | Learned a level 1 spell: Animate Skeleton
  8898 | D:7      | Found a stormy altar of Qazlal.
  9072 | D:7      | Found a hide-covered altar of Uskayaw.
  9133 | D:7      | Reached *** piety under Vehumet
  9174 | D:7      | Found a bloodstained altar of Trog.
  9177 | D:7      | Found an ancient bone altar of Kikubaaqudgha.
  9192 | D:7      | Found a snail-covered altar of Cheibriados.
  9195 | D:7      | Found a shimmering altar of Xom.
  9353 | D:7      | Found a burning altar of Makhleb.
  9374 | D:7      | Killed an oklob plant
  9410 | D:8      | Found an iron altar of Okawaru.
  9606 | D:8      | Found a shimmering blue altar of Sif Muna.
  9973 | D:8      | Offered knowledge of Hailstorm by Vehumet.
  9977 | D:8      | Reached skill level 5 in Earth Magic
  9977 | D:8      | Gained mutation: You have sharp toenails. [demonic
                  | ancestry]
  9977 | D:8      | Reached XP level 10. HP: 55/71 MP: 13/17
  9978 | D:8      | Reached skill level 5 in Spellcasting
 10165 | D:8      | Found Owkiagiwk's Magic Scroll Shop.
 10173 | D:8      | Bought a scroll of fear for 49 gold pieces
 10173 | D:8      | Bought 3 scrolls of teleportation for 126 gold pieces
 10173 | D:8      | Bought a scroll of fog for 28 gold pieces
 10173 | D:8      | Bought a scroll of enchant armour for 105 gold pieces
 10173 | D:8      | Bought a scroll of fog for 28 gold pieces
 10173 | D:8      | Bought a scroll of teleportation for 42 gold pieces
 10173 | D:8      | Bought a scroll of immolation for 49 gold pieces
 10784 | D:9      | Found a basalt altar of Yredelemnul.
 10930 | D:9      | Noticed a two-headed ogre
 10938 | D:9      | Killed a two-headed ogre
 11043 | D:9      | Identified the +7 rapier "Loiliets" {venom, Int+5}
 11163 | D:9      | Reached **** piety under Vehumet
 11190 | D:9      | Learned a level 3 spell: Tukima's Dance
 11291 | D:9      | Found a glowing silver altar of Zin.
 11444 | D:10     | Entered Level 10 of the Dungeon
 11454 | D:9      | Offered knowledge of Lee's Rapid Deconstruction by Vehumet.
 11571 | D:10     | Reached skill level 5 in Fighting
 11585 | D:10     | Noticed a two-headed ogre
 11688 | D:9      | Gained mutation: You do not regenerate when monsters are
                  | visible. [potion of mutation]
 11688 | D:9      | Gained mutation: You are dopey. (Int -2) [potion of
                  | mutation]
 11688 | D:9      | Gained mutation: Scrolls take you a little longer to read.
                  | [potion of mutation]
 11688 | D:9      | Gained mutation: Your muscles are strong. (Str +2) [potion
                  | of mutation]
 11688 | D:9      | HP: 3/74 [something (2)]
 11693 | D:9      | Lost mutation: You do not regenerate when monsters are
                  | visible. [potion of mutation]
 11693 | D:9      | Lost mutation: You are dopey. (Int -2) [potion of mutation]
 11693 | D:9      | Lost mutation: Scrolls take you a little longer to read.
                  | [potion of mutation]
 11693 | D:9      | Gained mutation: You are mostly covered in iridescent
                  | scales. (AC +4) [potion of mutation]
 11693 | D:9      | Gained mutation: Your magical capacity is low. (-10% MP)
                  | [potion of mutation]
 11693 | D:9      | Lost mutation: Your muscles are strong. (Str +2) [potion of
                  | mutation]
 11693 | D:9      | Gained mutation: You have a beak for a mouth. [potion of
                  | mutation]
 11741 | D:10     | Killed a two-headed ogre
 11808 | D:10     | Noticed Grum
 11816 | D:10     | Killed Grum
 12038 | D:10     | Identified the +7 ring mail of the Solstice {rC- Str+10
                  | Stlth+}
 12151 | D:10     | Found a staircase to the Lair.
 12204 | D:10     | Found Zeog Redgh's Magic Scroll Shoppe.
 12214 | D:10     | Bought a scroll of teleportation for 45 gold pieces
 12214 | D:10     | Bought a scroll of identify for 30 gold pieces
 12214 | D:10     | Bought a scroll of identify for 30 gold pieces
 12214 | D:10     | Bought a scroll of fear for 52 gold pieces
 12214 | D:10     | Bought a scroll of identify for 30 gold pieces
 12214 | D:10     | Bought a scroll of identify for 30 gold pieces
 12214 | D:10     | Bought a scroll of immolation for 52 gold pieces
 12261 | D:10     | Gained mutation: You regenerate a lot of health from kills.
                  | [demonic ancestry]
 12261 | D:10     | Reached XP level 11. HP: 81/81 MP: 9/18
 12644 | D:11     | Noticed a boulder beetle
 12685 | D:10     | Killed a boulder beetle
 13112 | D:11     | Reached ***** piety under Vehumet
 13146 | D:11     | Offered knowledge of Olgreb's Toxic Radiance by Vehumet.
 13156 | D:11     | Found a staircase to the Orcish Mines.
 13269 | D:11     | Found an iron altar of Okawaru.
 13775 | D:11     | Found a runed translucent door.
 13778 | D:11     | Noticed siradein's ghost (journeyman DsBr)
 13779 | D:11     | Identified the +10 trident of the Warrior-Mage {antimagic,
                  | rF+ Dex+3}
 14050 | Orc:1    | Entered Level 1 of the Orcish Mines
 14184 | Orc:1    | Noticed Urug
 14199 | Orc:1    | Paralysed by Urug for 4 turns
 14210 | Orc:1    | Paralysed by Urug for 7 turns
 14213 | Orc:1    | Slain by a troll

Illustrated notes

Levels and vault maps discovered:
D:1:      dpeg_arrival_simpleton_c, layout_rooms, amethyst_killhole
D:2:      wad_crossroads, layout_loops_ring
D:3:      layout_loops_ring, nicolae_ru_awakened_eye, lemuel_doored_altar,
          nzn_hepliaklqana_mist_gate, uniq_grinder, uniq_ijyb, uniq_robin
D:4:      layout_loops_cross, grunt_dithmenos_shadows,
          minmay_temple_entry_fiery, uniq_blork_the_orc
D:5:      layout_cave_pools, okawaru_altar_gauntlet_db
D:6:      layout_rooms, lightli_church_of_beogh
D:7:      layout_cave_pools, lemuel_coloured_pillars_altar,
          eat_drink_and_be_merry_uskayaw, grunt_temple_overflow_cloverleaf,
          basic_altar, lemuel_oklob_altar
D:8:      layout_loops_corners, old_standard_altar, serial_shops, shop,
          amcnicky_altar_gilded
D:9:      layout_cave_pools, zin_scriptorium, old_standard_altar
D:10:     layout_cross, lair_entry_dummy, serial_shops, shop, uniq_grum
D:11:     layout_loops_ring, zombieorc2_lemuel, basic_altar,
          ebering_ghost_funeral_grove
Temple:   jpeg_temple_island
Orc:1:    layout_caves, uniq_urug

Skill      XL: |  1  2  3  4  5  6  7  8  9 10 11 |
---------------+----------------------------------+-----
Conjurations   | 5 6 7 8 10 | 10.0
Hexes          | 4 |  4.0
Spellcasting   | 3 4 6 7 |  7.2
Translocations | 4 |  4.0
Earth Magic    | 1 5 7 9 |  9.0
Fighting       | 1 3 5 6 |  6.8
Armour         | 1 3 |  3.0
Dodging        | |  1.7
Stealth        | |  1.7

Action                   |  1- 3 |  4- 6 |  7- 9 | 10-12 || total
-------------------------+-------+-------+-------+-------++-------
Melee: Whip              |     9 |    13 |    94 |       ||   116
       Flail             |       |       |    88 |   223 ||   311
       Peck              |       |       |       |    14 ||    14
 Cast: Magic Dart        |    64 |    53 |   267 |   136 ||   520
       Searing Ray       |     2 |    11 |    37 |    39 ||    89
       Fulminant Prism   |       |       |     7 |    14 ||    21
       Iskenderun's Myst |       |       |       |     6 ||     6
       Tukima's Dance    |       |       |       |     7 ||     7
       Animate Skeleton  |       |       |       |     4 ||     4
Evoke: Wand              |       |       |       |     3 ||     3
  Use: Scroll            |     1 |     1 |       |    15 ||    17
       Potion            |       |       |       |     7 ||     7
 Stab: Sleeping          |       |       |     4 |     1 ||     5
       Distracted        |       |       |       |     1 ||     1
Armor: Robe              |     5 |     1 |    29 |       ||    35
       Leather armour    |       |       |    83 |   232 ||   315
       Skin              |       |       |     1 |       ||     1
Dodge: Dodged            |    10 |    11 |   174 |   274 ||   469

Table legend: (Time is in decaauts)
 A = Elapsed time spent in this place.
 B = Non-inter-level travel time spent in this place.
 C = Inter-level travel time spent in this place.
 D = Time resting spent in this place.
 E = Time spent auto-exploring this place.
 F = Levels seen in this place.
 G = Mean time per level.
                   A        B        C        D        E       F      G
               +--------+--------+--------+--------+--------+-----+--------+
         Total |  14379 |  13845 |    534 |   1103 |  10221 |  13 | 1106.1 |
       Dungeon |  14107 |  13588 |    519 |   1003 |  10113 |  11 | 1282.5 |
        Temple |    105 |     90 |     15 |      0 |     77 |   1 |  105.0 |
  Orcish Mines |    166 |    166 |      0 |    100 |     31 |   1 |  166.0 |
               +--------+--------+--------+--------+--------+-----+--------+

Top non-repeatable levels by time:
     D:4: 1857 daAuts
     D:3: 1674 daAuts
     D:8: 1372 daAuts
    D:11: 1350 daAuts
     D:2: 1348 daAuts
     D:6: 1288 daAuts
     D:1: 1256 daAuts
    D:10: 1073 daAuts
     D:5: 1054 daAuts
     D:9: 965 daAuts
     D:7: 866 daAuts
   Orc:1: 166 daAuts
  Temple: 105 daAuts
